Map: [TLMC19] Sulfur

Players

Spirit (souL)

  • Race: Terran Terran
  • Spawn Location: 7:00

LiquidCure (Cure) - Winner!

  • Race: Terran Terran
  • Spawn Location: 1:00

VOD

Have the link to the VOD?

Description

Time

  • Played on: Dec. 23, 2023, 6:50 a.m.
  • Length: 14:39
Show
View Real Time Build Order
Export as new Build Order

Spirit Terran 

Build Orders: Cyclone Opening 

Get SALT Encoding   

  12  0:00  SCV  
  13  0:12  SCV  
  14  0:19  Supply Depot  
  14  0:24  SCV  
  15  0:40  SCV  
  15  0:42  Barracks  
  16  0:45  Refinery  
  16  0:49  Refinery  
  16  0:53  SCV  
  17  1:05  SCV  
  18  1:17  SCV  
  19  1:29  Orbital Command, Reaper  
  20  1:35  Supply Depot  
  20  1:41  Factory  
  20  1:56  SCV  
  21  2:01  Reaper  
  23  2:08  SCV  
  23  2:13  Bunker  
  23  2:20  SCV  
  24  2:25  Cyclone  
  26  2:34  Reaper  
  27  2:37  Command Center  
  27  2:42  Supply Depot  
  27  2:44  SCV  
  27  3:04  SCV, Cyclone  
  27  3:05  Supply Depot  
  30  3:07  Reaper  
  31  3:26  SCV  
  32  3:29  Supply Depot  
  30  3:35  Starport  
  30  3:38  SCV  
  28  3:46  Cyclone  
  30  3:50  SCV  
  30  3:51  Orbital Command  
  31  3:57  Barracks Reactor  
  31  4:03  SCV  
  32  4:13  Command Center  
  32  4:14  Starport Tech Lab  
  32  4:17  Orbital Command  
  32  4:21  Cyclone  
  34  4:24  SCV  
  35  4:32  Refinery  
  35  4:33  Marine  
  35  4:34  Marine  
  35  4:37  SCV  
  38  4:41  Raven  
  38  4:43  SCV  
  41  4:49  SCV  
  41  4:51  Marine  
  43  4:55  SCV  
  43  4:56  Factory Tech Lab  
  44  5:01  SCV  
  44  5:06  Supply Depot, Marine  
  45  5:07  SCV  
  45  5:13  SCV  
  50  5:14  Siege Tank  
  50  5:17  Marine  
  50  5:19  SCV  
  52  5:23  Raven  
  52  5:24  Marine  
  52  5:25  SCV  
  56  5:33  Barracks x2  
  56  5:36  Orbital Command  
  56  5:37  SCV  
  56  5:38  Interference Matrix  
  56  5:39  Marine  
  58  5:44  SCV  
  58  5:46  Marine  
  58  5:49  SCV  
  61  5:51  Siege Tank  
  61  5:56  SCV  
  61  5:57  Marine  
  65  6:01  SCV  
  65  6:03  SCV  
  70  6:04  Raven  
  70  6:07  Refinery  
  70  6:08  SCV  
  71  6:13  SCV  
  71  6:15  SCV  
  71  6:17  Marine  
  74  6:21  SCV, Engineering Bay  
  74  6:22  Engineering Bay  
  74  6:25  Barracks Tech Lab, SCV, Barracks Reactor  
  76  6:27  SCV  
  77  6:34  SCV, Barracks  
  77  6:35  Barracks  
  77  6:37  Supply Depot  
  77  6:39  SCV  
  79  6:42  SCV  
  79  6:46  Marauder, Stimpack  
  82  6:48  Terran Infantry Weapons Level 1  
  82  6:52  Missile Turret  
  82  6:53  Starport Reactor  
  82  6:59  Siege Tank  
  82  7:01  Missile Turret  
  83  7:02  Marine  
  83  7:05  SCV x2  
  83  7:07  Terran Infantry Armor Level 1  
  83  7:08  Marauder  
  88  7:14  Marine, Marauder  
  91  7:20  Marine  
  91  7:21  Combat Shield  
  92  7:23  Barracks Tech Lab  
  92  7:24  SCV  
  93  7:33  Supply Depot x2  
  93  7:35  Orbital Command, SCV, Marine  
  93  7:36  Marauder x2  
  99  7:38  Marine  
  99  7:41  SCV  
  100  7:44  Marine, Medivac  
  100  7:46  Marauder  
  100  7:47  SCV  
  98  7:51  Marine  
  98  7:56  SCV  
  98  7:57  Marauder x2  
  104  8:00  Marine  
  104  8:01  SCV x2, Medivac  
  104  8:05  Marine  
  109  8:06  Marine  
  109  8:07  Marauder  
  109  8:09  SCV  
  112  8:13  SCV  
  112  8:14  Medivac  
  112  8:18  Marauder  
  116  8:20  SCV  
  116  8:25  Supply Depot  
  116  8:26  Supply Depot  
  117  8:27  Supply Depot  
  117  8:28  Armory  
  117  8:45  SCV, Marine x2, Refinery  
  117  8:46  Marine x4  
  117  8:47  Marauder  
  121  8:51  Viking  
  119  9:00  SCV x2  
  117  9:03  Marine x2  
  117  9:04  Marine x2, Marauder  
  117  9:05  Marauder  
  117  9:08  Marine  
  117  9:09  Viking  
  123  9:11  SCV  
  123  9:17  SCV  
  119  9:20  Marine x2  
  119  9:21  Missile Turret  
  119  9:22  Marine  
  122  9:25  SCV, Marauder  
  122  9:26  Marauder x2  
  129  9:35  Marine  
  130  9:39  Marine  
  130  9:42  Marine  
  134  9:47  Marauder  
  134  9:48  Marauder x2  
  134  9:49  Starport Reactor  
  134  9:52  Terran Infantry Armor Level 2, Terran Infantry Weapons Level 2  
  138  9:53  Marine  
  138  9:54  Refinery  
  138  9:58  Marine  
  138  9:59  Command Center  
  140  10:04  Sensor Tower  
  140  10:10  Marine  
  141  10:16  Marine  
  141  10:18  Marine  
  141  10:20  Marauder  
  141  10:23  Marine  
  141  10:36  Command Center  
  141  10:39  SCV  
  141  10:40  Marine  
  141  10:45  SCV, Marine x2, Marauder  
  141  10:46  Marine  
  141  10:47  SCV  
  141  10:48  Marauder, Medivac  
  141  10:49  Siege Tank, Marauder, Medivac  
  135  10:58  Marine  
  135  11:03  Marine x2  
  135  11:04  Marine  
  131  11:05  Starport  
  131  11:06  Starport, Marauder  
  131  11:09  Marauder  
  131  11:11  Marauder  
  138  11:15  Marine  
  137  11:18  Medivac  
  137  11:19  Medivac  
  137  11:23  Terran Ship Weapons Level 1  
  141  11:37  Missile Turret  
  141  11:40  Supply Depot  
  141  11:41  Supply Depot  
  141  11:42  Marine x2  
  141  11:43  Marauder x3  
  141  11:44  Starport Tech Lab  
  141  11:45  Starport Tech Lab  
  149  11:48  SCV, Medivac, Siege Tank  
  149  11:51  SCV x2  
  157  11:59  Barracks, Medivac  
  157  12:00  Marine, Barracks  
  160  12:03  SCV  
  160  12:04  Marauder x2  
  160  12:05  SCV  
  166  12:08  Supply Depot  
  166  12:12  Raven, SCV  
  166  12:13  Marine  
  166  12:14  Marauder  
  166  12:15  Raven  
  174  12:18  SCV  
  174  12:19  SCV  
  174  12:20  Siege Tank  
  174  12:21  Planetary Fortress  
  179  12:24  SCV  
  179  12:26  Marauder  
  161  12:30  Marine x3, Marauder  
  161  12:31  Marine  
  161  12:34  Marine  
  138  12:37  Medivac x2  
  138  12:38  SCV  
  140  12:46  Marine  
  140  12:47  Marine, Medivac  
  140  12:48  Marine x3  
  140  12:49  Raven  
  149  12:52  Marauder  
  149  12:53  Marauder  
  149  12:55  Barracks Tech Lab  
  149  12:58  SCV  
  134  13:01  Refinery x2  
  134  13:05  Marauder  
  136  13:11  Marine  
  137  13:13  Marauder x2  
  137  13:14  Marauder  
  137  13:15  Marine, Command Center  
  137  13:17  Raven  
  145  13:22  Barracks Tech Lab  
  145  13:26  Raven, Marauder  
  149  13:30  Marine  
  146  13:34  Marine, Marauder  
  146  13:35  Marauder  
  146  13:36  Marauder  
  146  13:40  Marine  
  146  13:41  Marauder  
  154  13:44  Marine  
  154  13:48  Marauder  
  156  13:51  Medivac  
  156  13:52  Raven, Marine  
  156  13:55  Marine  
  161  13:56  Marauder x2  
  161  13:57  Marauder  
  161  13:59  Marine  
  161  14:02  Marauder  
  168  14:03  Raven  
  168  14:09  Marauder  
  165  14:11  Marine  
  165  14:13  Marine  
  167  14:17  Marauder  
Show
View Real Time Build Order
Export as new Build Order

LiquidCure Terran - Winner!

Build Orders: Cyclone Opening, Mech 

Get SALT Encoding   

  12  0:00  SCV  
  13  0:12  SCV  
  14  0:17  Supply Depot  
  14  0:24  SCV  
  15  0:39  SCV  
  15  0:42  Barracks  
  16  0:45  Refinery  
  16  0:51  SCV  
  16  0:55  Refinery  
  17  1:03  SCV  
  18  1:15  SCV  
  19  1:28  Barracks Tech Lab  
  19  1:29  Orbital Command  
  19  1:41  Factory  
  19  1:48  Marauder  
  19  1:50  Supply Depot  
  21  1:54  Concussive Shells  
  21  2:10  Marauder  
  21  2:12  SCV  
  21  2:15  Supply Depot  
  24  2:24  SCV  
  25  2:31  Cyclone  
  25  2:32  Marauder  
  25  2:36  SCV  
  29  2:48  SCV  
  30  3:02  SCV  
  31  3:07  Command Center  
  31  3:08  Cyclone  
  33  3:16  SCV  
  34  3:21  Starport  
  34  3:29  SCV  
  34  3:30  Supply Depot  
  31  3:44  SCV  
  31  3:47  Cyclone  
  30  3:52  Factory  
  30  3:56  SCV  
  30  3:57  Medivac  
  33  4:05  Refinery  
  33  4:08  SCV  
  34  4:19  Orbital Command, Cyclone  
  34  4:20  SCV  
  37  4:28  Starport Tech Lab  
  37  4:32  SCV  
  37  4:36  Cyclone  
  40  4:45  SCV x2  
  41  4:49  Cloaking Field  
  41  4:50  Banshee  
  41  4:51  Cyclone  
  47  4:58  Supply Depot, SCV x2  
  49  5:10  SCV x2, Cyclone  
  53  5:22  SCV  
  53  5:24  Command Center  
  53  5:26  SCV  
  53  5:27  Factory Tech Lab  
  55  5:33  Banshee  
  58  5:38  Supply Depot  
  58  5:39  SCV x2  
  58  5:42  Factory Reactor  
  60  5:47  Hyperflight Rotors  
  62  5:50  Hurricane Engines, Cyclone  
  62  5:53  SCV x2  
  64  6:01  Refinery  
  64  6:05  SCV x2  
  66  6:15  Banshee  
  66  6:17  SCV x2  
  71  6:21  Cyclone x2  
  71  6:22  Cyclone  
  77  6:29  SCV  
  78  6:32  Barracks  
  78  6:34  Factory  
  78  6:35  SCV  
  78  6:36  Orbital Command  
  78  6:39  Refinery  
  79  6:41  SCV  
  80  6:47  SCV  
  80  6:54  SCV  
  82  7:00  SCV  
  83  7:02  SCV  
  83  7:04  Banshee  
  83  7:06  SCV  
  88  7:09  Siege Tank  
  88  7:10  Widow Mine  
  88  7:13  Supply Depot  
  88  7:14  Supply Depot, Armory  
  93  7:15  Supply Depot  
  93  7:16  SCV x2, Widow Mine  
  93  7:18  SCV  
  98  7:25  Factory Tech Lab  
  98  7:28  SCV  
  99  7:30  Factory  
  99  7:31  Factory  
  99  7:32  SCV x2  
  101  7:40  SCV  
  102  7:44  SCV x2  
  104  7:52  SCV  
  104  7:55  Siege Tank x2, Hellion  
  104  7:56  SCV x2, Hellion  
  109  8:04  SCV  
  109  8:08  SCV x2  
  109  8:12  Terran Vehicle Weapons Level 1  
  111  8:13  Starport Reactor  
  111  8:16  SCV  
  111  8:18  Factory Tech Lab  
  111  8:19  Factory Reactor  
  110  8:20  SCV, Hellion x2  
  110  8:25  SCV  
  110  8:28  SCV  
  110  8:32  Siege Tank  
  110  8:33  SCV, Siege Tank  
  118  8:35  Infernal Pre-Igniter  
  118  8:36  Siege Tank  
  118  8:39  Supply Depot x2  
  120  8:41  Hellion x2  
  122  8:57  Hellion x2  
  122  9:00  SCV x3  
  125  9:05  Siege Tank x2  
  129  9:13  SCV x3  
  129  9:21  Siege Tank, Viking x2  
  140  9:24  Hellion x2  
  140  9:26  Supply Depot  
  140  9:27  Supply Depot  
  138  9:32  SCV x2  
  138  9:33  SCV  
  138  9:34  Engineering Bay  
  137  9:46  SCV x3  
  140  9:56  Supply Depot  
  140  10:00  Command Center  
  140  10:07  Missile Turret  
  140  10:09  Missile Turret  
  140  10:10  Missile Turret  
  140  10:11  Missile Turret, Sensor Tower  
  140  10:14  Siege Tank x2  
  146  10:15  Cyclone x2  
  150  10:25  Siege Tank  
  148  10:29  Hellion x2  
  152  10:41  SCV x3  
  142  10:46  Siege Tank, Hellion  
  129  10:53  SCV x3  
  129  10:55  Terran Vehicle Weapons Level 2  
  131  11:02  Missile Turret  
  131  11:05  SCV x3  
  131  11:06  Hellion x2  
  131  11:07  Hellion x2  
  131  11:08  Viking  
  144  11:17  SCV x3  
  147  11:19  Missile Turret  
  147  11:20  Missile Turret  
  147  11:25  Missile Turret  
  147  11:29  SCV  
  147  11:30  Refinery  
  147  11:31  Smart Servos  
  147  11:35  Refinery  
  147  11:40  Factory  
  147  11:41  Factory  
  147  11:43  Planetary Fortress  
  147  11:48  SCV x3  
  147  11:51  Viking  
  147  11:52  Hellion  
  147  11:53  Hellion x5  
  164  11:58  Supply Depot, Viking  
  166  12:06  Siege Tank  
  166  12:07  SCV x3  
  172  12:12  Drilling Claws  
  172  12:19  SCV  
  172  12:22  Viking  
  175  12:28  Viking  
  148  12:30  Siege Tank x2  
  148  12:34  Hellion x2  
  148  12:35  Hellion x2  
  147  12:38  Hellion  
  146  12:52  Viking  
  146  12:56  Hellion x4  
  152  12:58  Medivac  
  152  12:59  Siege Tank  
  152  13:02  Siege Tank, Factory Tech Lab  
  152  13:03  Factory Reactor  
  160  13:06  Command Center  
  160  13:13  Command Center  
  160  13:22  Viking  
  160  13:23  Siege Tank x2  
  160  13:24  Cyclone  
  160  13:25  Cyclone  
  172  13:28  Viking  
  174  13:38  Siege Tank x2  
  174  13:39  Hellion x2  
  182  13:49  Widow Mine  
  182  13:50  Widow Mine  
  186  13:55  Widow Mine  
Tags
 
Composition
Mech
Matchup
TvT
Player
CuresouL
Race
Terran
Replay Pack
December 2023
Spawn Locations
Cross Positions
Add a new tag
Caveats
  • Supply blocks, unpowered buildings, or Contaminate may cause inaccurate times.
  • Supply counts are checked every 10 seconds.